 Dungeon Crawl Stone Soup version 0.31-a0-217-g58bb5d79cf (webtiles) character file.

Game seed: 13542900831772144504

5863 avis the Nimble (level 10, -5/47 HPs)
             Began as a Felid Summoner on July 2, 2023.
             Was an Initiate of Gozag.
             Killed from afar by an electric eel (8 damage)
             ... with a bolt of electricity
             ... on level 10 of the Dungeon.
             The game lasted 02:13:25 (16703 turns).

avis the Nimble (Felid Summoner)                   Turns: 16703, Time: 02:13:26

Health: -5/47      AC:  6    Str:  4    XL:     10   Next: 52%
Magic:  15/24      EV: 23    Int: 21    God:    Gozag
Gold:   780        SH:  0    Dex: 17    Spells: 14/27 levels left
                                        Lives:  0   Deaths: 3

rFire   . . .        (weapon unavailable)
rCold   . . .        (shield unavailable)
rNeg    + . .        (body armour unavailable)
rPois   +            (helmet unavailable)
rElec   .            (cloak unavailable)
rCorr   .            (gloves unavailable)
SInv    +            (boots unavailable)
Will    +....        H - amulet of Zumyt {Acrobat Regen+}
Stlth   +++          g - ring "Rokuaxki" {Drain rPois rN+ Stlth+}
HPRegen 1.07/turn    E - +4 ring of protection
MPRegen 0.19/turn

%: acrobat
@: gold aura, quick
A: very small, claws 1, fangs 3, see invisible, speed 1, shaggy fur 2, stealthy
paws, no weapons or thrown items, no armour, multi-lived
a: Renounce Religion, Potion Petition, Call Merchant, Bribe Branch


You were on level 10 of the Dungeon.
You worshipped Gozag.
Gozag was pleased with you.
You visited 2 branches of the dungeon, and saw 11 of its levels.

You collected 1760 gold pieces.
You spent 814 gold pieces at shops.
You paid 166 gold pieces to Gozag.

Inventory:

Jewellery
 g - the ring "Rokuaxki" (left paw) {Drain rPois rN+ Stlth+}
   (You found it on level 2 of the Dungeon)

   [ring of positive energy]

   rPois:     It protects you from poison.
   rN:        It protects you from negative energy.
   Drain:     It drains your maximum health when unequipped.
   Stlth:     It makes you more stealthy.
 D - an amulet of reflection
 E - a +4 ring of protection (right paw)
 H - the amulet of Zumyt (around neck) {Acrobat Regen+}
   (You bought it in a shop on level 2 of the Dungeon)

   [amulet of the acrobat]

   It increases your evasion while moving and waiting.
   Regen:     It increases your rate of health regeneration.
 J - an amulet of magic regeneration
Wands
 e - a wand of polymorph (30)
 j - a wand of flame (22)
 u - a wand of iceblast (4)
 w - a wand of digging (3)
 y - a wand of charming (18)
 B - a wand of light (6)
 F - a wand of mindburst (6)
Scrolls
 b - a scroll of silence {unknown}
 c - a scroll of brand weapon {unknown}
 d - 4 scrolls of poison
 f - 3 scrolls of vulnerability {unknown}
 i - a scroll of teleportation {unknown}
 k - 2 scrolls of fear {unknown}
 l - 2 scrolls of fog {unknown}
 q - 2 scrolls of revelation {unknown}
 r - 5 scrolls of enchant weapon {unknown}
 s - 3 scrolls of immolation {unknown}
 t - 4 scrolls of noise {unknown}
 x - 3 scrolls of amnesia {unknown}
 G - 3 scrolls of blinking {unknown}
Potions
 a - a potion of magic
 h - a potion of heal wounds
 m - 3 potions of might
 n - 4 potions of lignification
 o - 6 potions of curing
 p - 3 potions of mutation
 v - a potion of cancellation
 z - 2 potions of haste
 A - a potion of enlightenment
 C - a potion of resistance
 I - a potion of invisibility


   Skills:
 + Level 7.0 Fighting
 + Level 9.7 Dodging
 - Level 2.6 Stealth
 * Level 9.0 Spellcasting
 - Level 5.0 Hexes
 + Level 9.0 Summonings
 - Level 7.0 Air Magic


You had 14 spell levels left.
You knew the following spells:

 Your Spells              Type           Power      Damage    Failure   Level
a - Summon Small Mammal   Summ           100%       N/A       1%          1
c - Call Imp              Summ           94%        N/A       1%          2
d - Call Canine Familiar  Summ           47%        N/A       1%          3
g - Summon Guardian Gole  Hex/Summ       38%        N/A       1%          3
l - Summon Lightning Spi  Summ/Air       43%        N/A       2%          4

Your spell library contained the following spells:

 Spells                   Type           Power      Damage    Failure   Level
 Ensorcelled Hibernation  Hex/Ice        38%        N/A       3%          2
 Magic Dart               Conj           36%        1d4       7%          1
 Necrotise                Necr           36%        1d5       7%          1
 Cause Fear               Hex            15%        N/A       9%          4
 Spider Form              Tmut/Pois      9%         N/A       22%         3
 Stone Arrow              Conj/Erth      18%        3d8       22%         3
 Vampiric Draining        Necr           9%         2d6       22%         3
 Anguish                  Hex/Necr       9%         N/A       26%         4
 Agony                    Necr           9%         N/A       89%         5
 Leda's Unmaking          Conj/Erth      4%         9d2       100%        6
 Dragon Form              Tmut           4%         N/A       100%        7
 Chain Lightning          Conj/Air       12%        3d16      100%        9
 Dragon's Call            Summ           23%        N/A       100%        9


Dungeon Overview and Level Annotations

Branches:
Dungeon (10/15)            Temple (1/1) D:5
   Lair: D:8-11         Orc: D:9-12

Altars:
Ashenzari
Cheibriados
Dithmenos
Elyvilon
Fedhas
Gozag
Hepliaklqana
Kikubaaqudgha
Makhleb
Nemelex Xobeh
Okawaru
Qazlal
Ru
Sif Muna
Trog
Uskayaw
Vehumet
Wu Jian
Xom
Yredelemnul
Zin
The Shining One

Shops:
D:2 (=   D:7 *[((

Annotations:
D:8 3 runed translucent doors, Zonian's ghost, novice DECj; olddryhag's ghost, novice GnRe
D:9 electric eel trap


Innate Abilities, Weirdness & Mutations

You have sharp claws.
You have razor-sharp teeth.
You have supernaturally acute eyesight. (SInv)
You cover ground quickly. (Speed+)
You are covered in thick fur. (AC +2)
Your paws help you pounce on unaware monsters.
You are incapable of wielding weapons or throwing items.
You cannot wear armour.
You gain extra lives every three experience levels.


Message History

The electric eel shoots out a bolt of lightning at you!
The bolt of electricity hits you!
* * * LOW HITPOINT WARNING * * *
The orc completely misses your lightning spire.
The orc is distracted by your dazzling golden aura.
The orc hits your lightning spire but does no damage.
The orc hits your lightning spire but does no damage.
Things that are here:
a +0 trident; a +0 whip What are your orders? t - Meow!
Orders for allies: a - Attack new target. p - Attack previous target. r - Retreat! s - Stop attacking. g - Guard the area. f - Follow me.
Anything else - Cancel.
Gang up on whom?
Press: ? - help, Dir - move target, f/p - orc
Aim: an orc, wielding a +0 dagger and wearing a +4 ring mail (ally target) Attack!
The orc hits your lightning spire but does no damage.
Your lightning spire shoots out a bolt of lightning at the orc!
The bolt of electricity hits the orc!
The orc dies!
You hear a shout!
Casting: Summon Lightning Spire (dangerous; 2% risk of failure)
Confirm with . or Enter, or press ? or * to list all spells.
Okay, then.
Aiming: Iceblast
Press: ? - help, Shift-Dir - straight line, f - electric eel
Aim: an electric eel (water)
The mass of ice explodes!
The iceblast engulfs the electric eel!
The electric eel is heavily wounded.
You hear a shout!
An orc comes into view. It is wielding a +0 club.
The electric eel shoots out a bolt of lightning at you!
The bolt of electricity hits you!
* * * LOW HITPOINT WARNING * * *
The bolt of electricity hits you!
You die...
Your body crumbles into a pile of gold.

#.......).........).#
#####.........#######...#
....................#...#
≈≈≈≈≈≈≈≈≈≈≈≈≈≈≈≈≈≈8.))).#
≈≈≈≈≈≈≈≈≈≈≈≈≈≈S≈≈8≈.)...#
###############$.S≈)#...#
............#.≈≈.#...#
...........$##≈≈.#...#
..8...o...§§8@.......#
...........$##≈≈.....#
............#.≈≈.....#
############o.≈≈.....#
≈≈≈≈8≈.....#
≈≈≈≈≈≈8.....#
...o.........#
.#####.......# ....


You could see an electric eel (ally target), an orc and a friendly lightning
spire (summoned).

Vanquished Creatures
  A wyvern (D:7)
  A yak (D:9)
  Edmund (D:4)
  An orc priest (D:7)
  2 orcs
  A giant cockroach (D:1)
  2 ball pythons
  A bat (D:1)
  A frilled lizard (D:1)
11 creatures vanquished.

Vanquished Creatures (collateral kills)
  A manticore (D:9)
  Maggie (D:6)
  A komodo dragon (D:10)
  A troll (D:7)
  Sigmund (D:2)
  A wyvern (D:10)
  A shadow (D:9)
  18 yaks
  A steam dragon (D:7)
  2 acid dragons
  2 water moccasins
  A sky beast (D:7)
  2 ice beasts
  A black bear (D:6)
  3 orc warriors
  An ogre (D:7)
  6 centaurs
  A phantom (D:5)
  4 kobold brigands
  A nameless horror (D:9)
  Blork the orc (D:6)
  3 bullfrogs
  A gnoll sergeant (D:8)
  2 scorpions
  16 wights
  5 killer bees
  2 electric eels (D:10)
  2 howler monkeys
  8 hounds
  3 gnoll boudas (D:7)
  6 orc priests
  6 sleepcaps
  2 iguanas
  7 orc wizards
  18 gnolls
  10 adders
  A shadow imp (D:7)
  A white imp (D:7)
  2 ufetubi (D:7)
  2 worms
  3 dart slugs
  32 orcs
  3 endoplasms
  6 giant cockroaches
  20 goblins
  9 hobgoblins
  4 jackals
  3 quokkas
  10 ball pythons
  A bat (D:2)
  2 frilled lizards (D:3)
  45 kobolds
  5 rats
291 creatures vanquished.

Vanquished Creatures (others)
  A troll (D:10)
  A yak (D:9)
  3 orc warriors (D:10)
  A kobold brigand (D:7)
  2 orc priests (D:10)
  An orc (D:7)
9 creatures vanquished.

Grand Total: 311 creatures vanquished

Notes
Turn   | Place    | Note
-------+----------+-------------------------------------------
     0 | D:1      | avis the Felid Summoner began the quest for the Orb.
     0 | D:1      | Reached XP level 1. HP: 7/7 MP: 4/4
   475 | D:1      | Reached XP level 2. HP: 11/11 MP: 0/6
   536 | D:2      | Learned a level 2 spell: Call Imp
  1313 | D:1      | Reached XP level 3. HP: 14/14 MP: 2/8
  1317 | D:1      | Learned a level 3 spell: Call Canine Familiar
  1857 | D:2      | Found Qohom's Jewellery Emporium.
  1992 | D:2      | Identified the ring "Rokuaxki" {Drain rPois rN+ Stlth+}
  2291 | D:2      | Noticed Sigmund
  2612 | D:2      | Noticed a +0 giant spiked club
  2614 | D:2      | Found Kedgheaf's Weapon Shoppe.
  2616 | D:2      | Noticed a +0 quick blade
  2828 | D:2      | Killed Sigmund
  2829 | D:2      | Reached skill level 5 in Summonings
  2829 | D:2      | Reached XP level 4. HP: 12/18 MP: 1/11
  2829 | D:2      | Reached XP level 5. HP: 14/21 MP: 1/12
  2914 | D:2      | Learned a level 3 spell: Summon Guardian Golem
  3087 | D:2      | Learned a level 4 spell: Summon Lightning Spire
  3325 | D:3      | Reached skill level 1 in Hexes
  3404 | D:3      | You fall into a shaft and drop 3 floors!
  3432 | D:6      | Noticed Blork the orc
  3446 | D:5      | Entered Level 5 of the Dungeon
  3449 | D:5      | Noticed a phantom
  3465 | D:5      | Gained mutation: You are covered in thick fur. (AC +2)
                  | [Felid growth]
  3465 | D:5      | Reached XP level 6. HP: 24/24 MP: 7/14
  3989 | D:3      | Found a sparkling altar of Nemelex Xobeh.
  4973 | D:3      | Upgraded the game from 0.31-a0-214-gb37851dbb3 to
                  | 0.31-a0-217-g58bb5d79cf
  5361 | D:4      | Reached skill level 1 in Air Magic
  5401 | D:4      | Found an ornate altar of the Wu Jian Council.
  5476 | D:4      | Reached skill level 5 in Spellcasting
  5489 | D:4      | Reached skill level 1 in Fighting
  5489 | D:4      | Reached XP level 7. HP: 28/28 MP: 12/15
  6447 | D:5      | Noticed Edmund
  6651 | D:4      | Killed Edmund
  6969 | D:5      | Slain by an orc warrior
  6970 | D:5      | Reached XP level 6. HP: -1/25 MP: 3/14
  6975 | D:5      | Identified the +0 cloak of Conscience {rN+ Str+5 Int+3}
  7476 | D:5      | Found a staircase to the Ecumenical Temple.
  7482 | Temple   | Entered the Ecumenical Temple
  7506 | Temple   | Became a worshipper of Elyvilon the Healer
  7814 | D:5      | Reached XP level 7. HP: 30/30 MP: 11/16
  8165 | D:5      | Shot with an arrow by an orc warrior
  8166 | D:5      | Reached XP level 6. HP: -7/26 MP: 9/15
  8185 | D:5      | Killed an orc warrior
  8553 | D:6      | Reached XP level 7. HP: 30/30 MP: 5/16
  8672 | D:6      | Reached * piety under Elyvilon
  9001 | D:6      | Killed Blork the orc
  9081 | D:6      | Reached skill level 5 in Hexes
  9086 | D:6      | Reached skill level 5 in Dodging
  9243 | D:6      | Noticed Maggie
  9277 | D:6      | Killed Maggie
  9278 | D:6      | Reached XP level 8. HP: 8/34 MP: 7/17
  9917 | D:7      | Found Wapudewn's Weapon Boutique.
 10005 | D:7      | Reached skill level 5 in Air Magic
 10119 | D:7      | Found a broken altar of Ashenzari.
 10130 | D:7      | Reached ** piety under Elyvilon
 10442 | D:7      | Found Affob's Antique Armour Boutique.
 10463 | D:7      | Found Weaw's Assorted Antiques.
 10649 | D:7      | Reached XP level 9. HP: 39/39 MP: 8/19
 10771 | D:7      | Noticed a troll
 10817 | D:7      | Killed a troll
 10923 | D:7      | Found Coucec's Antique Weapon Emporium.
 11025 | D:7      | Found an opulent altar of Gozag.
 11026 | D:7      | Found a radiant altar of Vehumet.
 11032 | D:7      | Fell from the grace of Elyvilon
 11032 | D:7      | Became a worshipper of Gozag Ym Sagoz the Greedy
 11763 | D:7      | Bought a scroll of identify for 46 gold pieces
 11763 | D:7      | Bought a scroll of identify for 46 gold pieces
 11763 | D:7      | Bought a scroll of identify for 46 gold pieces
 11763 | D:7      | Bought a viscous grey potion for 20 gold pieces
 11763 | D:7      | Bought a scroll labelled CAZUXT OXEVVU for 23 gold pieces
 11763 | D:7      | Bought a scroll labelled ROZOATZUCEC for 23 gold pieces
 11763 | D:7      | Bought a gold wand for 92 gold pieces
 11783 | D:8      | Reached skill level 5 in Fighting
 12204 | D:8      | Found a runed translucent gate.
 12204 | D:8      | Found a runed translucent gate.
 12204 | D:8      | Found a runed translucent gate.
 12231 | D:8      | Noticed Zonian's ghost (novice DECj)
 12231 | D:8      | Noticed olddryhag's ghost (novice GnRe)
 12529 | D:8      | Reached XP level 10. HP: 44/44 MP: 7/21
 13071 | D:8      | Found a basalt altar of Yredelemnul.
 13518 | D:2      | Bought the amulet of Zumyt {Acrobat Regen+} for 518 gold
                  | pieces
 14019 | D:9      | Found a blossoming altar of Fedhas.
 14907 | D:9      | Got Vehumet's Compendium of Impulse
 15312 | D:9      | Noticed a manticore
 15331 | D:9      | Killed a manticore
 15332 | D:9      | Reached XP level 11. HP: 49/49 MP: 14/24
 15507 | D:9      | HP: 1/49 [electric eel/bolt of electricity (7)]
 15770 | D:9      | HP: 2/49 [electric eel/bolt of electricity (6)]
 15771 | D:9      | Killed from afar by an electric eel
 15772 | D:9      | Reached XP level 10. HP: -4/46 MP: 20/23
 15888 | D:10     | Entered Level 10 of the Dungeon
 16703 | D:10     | Killed from afar by an electric eel

Illustrated notes

Levels and vault maps discovered:
D:1:      evilmike_arrival_plus, layout_basic, minmay_three_crescents
D:2:      layout_basic, serial_shops, shop, nicolae_shop_mannequins,
          uniq_sigmund
D:3:      layout_loops_ring, nemelex_dance_club_becter, serial_forest,
          infiniplex_forest_end_2, infiniplex_forest_straight_2,
          infiniplex_forest_clump_long, infiniplex_forest_clump_double,
          infiniplex_forest_lined_room_2, infiniplex_forest_end_3,
          infiniplex_forest_end_double, infiniplex_forest_lined_room_2
D:4:      layout_basic, lemuel_doored_altar, st_stairs_7,
          kennysheep_generic_room_14
D:5:      corexii_shack_village, layout_basic, minmay_temple_entry_fiery,
          uniq_edmund
D:6:      layout_gridville, st_stairs_14, dreamdust_princess_bridge,
          chequers_serial_rivers_marsh, uniq_blork_the_orc, uniq_maggie
D:7:      layout_rooms, gammafunk_temple_overflow_pools,
          evilmike_ruin_ashenzari, serial_shops, nicolae_shop_rolling_square,
          shop, shop, nicolae_stop_n_shop_1, minmay_increasing_density
D:8:      kennysheep_kobold_camp, layout_rooms, mainiacjoe_overflow_alcove_1,
          gammafunk_ghost_cemetery
D:9:      cheibrodos_two_vegetables, layout_basic, fedhas_ov_isle_minmay
D:10:     layout_irregular_city, erik_orc_2, serial_bayou_crossing
Temple:   hellmonk_temple_two_chambers

Skill      XL: |  1  2  3  4  5  6  7  8  9 10 |
---------------+-------------------------------+-----
Spellcasting   | 4 5 6 9 |  9.0
Summonings     | 5 6 7 9 |  9.0
Hexes          | 1 4 5 |  5.0
Dodging        | 4 5 6 7 9 |  9.7
Air Magic      | 3 4 5 6 7 |  7.0
Fighting       | 2 3 4 5 7 |  7.0
Stealth        | |  2.6

Action                     |  1- 3 |  4- 6 |  7- 9 | 10-12 || total
---------------------------+-------+-------+-------+-------++-------
  Melee: Unarmed           |    10 |   207 |    17 |    14 ||   248
         Bite              |     2 |    56 |     1 |     1 ||    60
         Punch             |       |     8 |       |       ||     8
   Cast: Summon Small Mamm |    64 |    34 |    35 |     3 ||   136
         Call Imp          |    22 |    24 |    22 |     6 ||    74
         Call Canine Famil |     8 |    33 |    91 |    23 ||   155
         Summon Lightning  |       |     5 |    49 |    41 ||    95
         Summon Guardian G |       |       |       |    15 ||    15
 Invoke: Purification      |       |       |     1 |       ||     1
  Evoke: Wand              |       |       |     7 |     1 ||     8
    Use: Scroll            |       |     5 |     2 |     5 ||    12
         Potion            |       |       |     3 |     1 ||     4
   Stab: Sleeping          |     1 |     2 |       |       ||     3
         Distracted        |       |       |       |     1 ||     1
 Armour: Skin              |       |     3 |     5 |     4 ||    12
  Dodge: Dodged            |    20 |    45 |    90 |    84 ||   239
  Block: Other             |       |       |     9 |       ||     9
         Reflection        |       |       |     3 |       ||     3

Table legend: (Time is in decaauts)
 A = Elapsed time spent in this place.
 B = Non-inter-level travel time spent in this place.
 C = Inter-level travel time spent in this place.
 D = Time resting spent in this place.
 E = Time spent auto-exploring this place.
 F = Levels seen in this place.
 G = Mean time per level.
                   A        B        C        D        E       F      G
               +--------+--------+--------+--------+--------+-----+--------+
         Total |  14886 |  13580 |   1306 |   3887 |   5279 |  11 | 1353.3 |
       Dungeon |  14858 |  13556 |   1302 |   3887 |   5279 |  10 | 1485.8 |
        Temple |     27 |     23 |      4 |      0 |      0 |   1 |   27.0 |
               +--------+--------+--------+--------+--------+-----+--------+

Top non-repeatable levels by time:
     D:9: 1975 daAuts
     D:7: 1825 daAuts
     D:4: 1621 daAuts
     D:1: 1611 daAuts
     D:6: 1594 daAuts
     D:5: 1491 daAuts
     D:3: 1451 daAuts
     D:8: 1346 daAuts
     D:2: 1315 daAuts
    D:10: 625 daAuts
  Temple: 27 daAuts
